 Dungeon Crawl Stone Soup version 0.31.0-32-g396128a36d (webtiles) character file.

Game seed: 14418836806075273883

226536 Amplified the Warrior (level 18, -18/180 HPs)
             Began as a Minotaur Fighter on Mar 19, 2024.
             Was a Priest of Zin.
             Killed from afar by a salamander tyrant (33 damage)
             ... with a flame surge
             ... on level 4 of the Snake Pit on Mar 21, 2024.
             The game lasted 01:15:53 (37941 turns).

Amplified the Warrior (Minotaur Fighter)           Turns: 37941, Time: 01:15:54

Health: -18/180    AC: 20    Str: 28    XL:     18   Next: 36%
Magic:  0/29       EV: 17    Int:  5    God:    Zin [***...]
Gold:   1129       SH: 15    Dex: 11    Spells: 11/17 levels left

rFire   . . .        i - +9 staff of Olgreb {rPois∞}
rCold   + . .        o - +2 kite shield
rNeg    . . .        M - +0 swamp dragon scales
rPois   ∞            G - +1 hat "Togufoq" {rPois}
rElec   .            t - +2 cloak
rCorr   .            g - +2 pair of gloves
SInv    +            p - +2 pair of boots
Will    ++...        n - amulet of guardian spirit
Stlth   +            r - ring "Ditherat" {rPois rC+ Will+ SInv}
HPRegen 0.50/turn    A - +5 ring of evasion
MPRegen 0.21/turn

%: guardian spirit
@: weakened, on recite cooldown
A: horns 2, retaliatory headbutt
}: 1/15 runes: decaying
a: Renounce Religion, Evoke the Staff of Olgreb, Recite, Vitalisation, Imprison,
Donate Gold


You were on level 4 of the Snake Pit.
You worshipped Zin.
Zin was most pleased with you.
You visited 5 branches of the dungeon, and saw 30 of its levels.
You also visited: Ossuary, Bailey and Gauntlet.

You collected 3533 gold pieces.
You spent 994 gold pieces at shops.
You donated 1410 gold pieces to Zin.

Inventory:

Hand Weapons
 i - the +9 staff of Olgreb (weapon) {rPois∞}
   (You found it on level 8 of the Dungeon)

   Radiate:   It can be activated via the 'a'bility menu to radiate toxic
   energy, with effectiveness depending on Evocations skill.
   Alch:      It enhances your alchemy magic.
   rPois∞: It grants immunity to poison.
 k - a +0 eveningstar of chaos
 P - a +7 eveningstar of protection
 S - the +8 whip "Snakebite" {venom, curare, rPois}
   (You found it on level 2 of the Lair of Beasts)

   rPois:     It protects you from poison
Missiles
 d - 68 poisoned darts
 y - 6 curare-tipped darts (quivered)
 D - 3 throwing nets
 E - 12 silver javelins
Armour
 g - a +2 pair of gloves (worn)
 o - a +2 kite shield (worn)
 p - a +2 pair of boots (worn)
 t - a +2 cloak (worn)
 v - the +0 pair of boots of Nuujile {*Slow rF+ Will+ SInv Stlth+}
   (You bought it in a shop on level 2 of the Orcish Mines)

   rF+:       It protects you from fire.
   Will+:     It increases your willpower.
   SInv:      It lets you see invisible.
   *Slow:     It may slow you when you take damage.
   Stlth+:    It makes you more stealthy.
 G - the +1 hat "Togufoq" (worn) {rPois}
   (You found it in a Gauntlet)

   rPois:     It protects you from poison
 M - +0 swamp dragon scales (worn)
 R - a +0 tower shield
Jewellery
 j - a ring of positive energy
 n - an amulet of guardian spirit (around neck)
 r - the ring "Ditherat" (left hand) {rPois rC+ Will+ SInv}
   (You found it on level 3 of the Dungeon)

   [ring of see invisible]

   rC+:       It protects you from cold.
   rPois:     It protects you from poison Will+: It increases your willpower.
   SInv:      It lets you see invisible.
 A - a +5 ring of evasion (right hand)
 H - a ring of willpower
 Q - a ring of ice
 T - a ring of positive energy
 V - a ring of willpower
Wands
 h - a wand of mindburst (20)
 B - a wand of paralysis (16)
 F - a wand of roots (29)
 J - a wand of flame (55)
 X - a wand of light (4)
Scrolls
 a - a scroll of vulnerability
 c - a scroll of revelation
 e - 6 scrolls of amnesia
 m - 15 scrolls of identify
 q - 4 scrolls of poison
 x - a scroll of butterflies
 z - 5 scrolls of immolation
 K - a scroll of fog
 L - 2 scrolls of silence
 N - 2 scrolls of noise
Potions
 l - 2 potions of brilliance
 s - 2 potions of attraction
 u - 3 potions of mutation
 w - 4 potions of magic
 C - a potion of ambrosia
 I - 2 potions of cancellation
Miscellaneous
 U - a sack of spiders
 W - a phantom mirror


   Skills:
 * Level 20.9 Fighting
 - Level 10.2(12.2) Maces & Flails
 - Level 10.9(12.5) Staves
 - Level 8.1 Armour
 - Level 5.0 Dodging
 - Level 15.5 Shields
 * Level 17.0 Invocations
 * Level 13.9 Evocations


You had 11 spell levels left.
You knew the following spells:

 Your Spells              Type           Power      Damage    Failure   Level
a - Mercury Vapours       Alch/Air       0%         N/A       83%         2
b - Olgreb's Toxic Radia  Alch           0%         N/A       100%        4

Your spell library contained the following spells:

 Spells                   Type           Power      Damage    Failure   Level
 Apportation              Tloc           0%         N/A       71%         1
 Necrotise                Necr           0%         1d4       71%         1
 Slow                     Hex            0%         N/A       71%         1
 Sting                    Conj/Alch      0%         1d3       71%         1
 Summon Small Mammal      Summ           0%         N/A       71%         1
 Call Imp                 Summ           0%         N/A       83%         2
 Lesser Beckoning         Tloc           0%         N/A       83%         2
 Scorch                   Fire           0%         2d5       83%         2
 Call Canine Familiar     Summ           0%         N/A       97%         3
 Confusing Touch          Hex            0%         N/A       97%         3
 Dazzling Flash           Conj/Hex       0%         N/A       97%         3
 Frozen Ramparts          Ice            0%         1d1       97%         3
 Gell's Gravitas          Tloc           0%         N/A       97%         3
 Mephitic Cloud           Conj/Alch/Air  0%         N/A       97%         3
 Sigil of Binding         Hex            0%         N/A       97%         3
 Teleport Other           Tloc           0%         N/A       97%         3
 Vampiric Draining        Necr           0%         2d6       97%         3
 Flame Wave               Conj/Fire      0%         2d4       100%        4
 Leda's Liquefaction      Alch/Erth      0%         N/A       100%        4
 Martyr's Knell           Necr/Summ      0%         N/A       100%        4
 Passage of Golubria      Tloc           0%         N/A       100%        4
 Petrify                  Alch/Erth      0%         N/A       100%        4
 Summon Blazeheart Golem  Fire/Summ      0%         N/A       100%        4
 Alistair's Intoxication  Alch           0%         N/A       100%        5
 Borgnjor's Vile Clutch   Necr/Erth      0%         N/A       100%        5
 Curse of Agony           Necr           0%         N/A       100%        5
 Metabolic Englaciation   Hex/Ice        0%         N/A       100%        5
 Silence                  Hex/Air        0%         N/A       100%        5
 Eringya's Noxious Bog    Alch           0%         4d6       100%        6
 Summon Cactus Giant      Summ           0%         N/A       100%        6
 Lehudib's Crystal Spear  Conj/Erth      0%         10d2      100%        8


Dungeon Overview and Level Annotations

Branches:
Dungeon (15/15)            Temple (0/1) D:5            Lair (5/5) D:11
  Swamp (4/4) Lair:2        Snake (4/4) Lair:3        Slime (0/5) Lair:4
    Orc (2/2) D:10            Elf (0/3) Orc:2        Vaults (0/5) D:13
 Depths (0/4) D:15        Ossuary (visited)          Bailey (visited)
Gauntlet (visited)

Altars:
Dithmenos
Elyvilon
Fedhas
Hepliaklqana
Kikubaaqudgha
Okawaru
Trog
Uskayaw
Vehumet
Wu Jian
Xom
Yredelemnul
Zin

Shops:
D:3 ?   D:9 (   D:10 (   Orc:2 :(*[

Annotations:
D:10 4 transporters
Swamp:1 Later, Donald, Mlioglotl
Snake:4 Roxanne


Innate Abilities, Weirdness & Mutations

You have a pair of horns on your head.
You reflexively headbutt those who attack you in melee.


Message History

You feel as though you will be weak longer.
You block the salamander tyrant's attack.
Unknown command.
You closely miss the salamander tyrant. You headbutt the salamander tyrant.
The salamander tyrant is moderately wounded.
The salamander tyrant looks even sicker.
The salamander tyrant looks as sick as possible!
The salamander looks even sicker.
You block the guardian serpent's attack.
The salamander hits you but does no damage.
The salamander tyrant closely misses you.
You furiously retaliate!
You headbutt the salamander tyrant!
The guardian serpent is lost in a daze.
The salamander misses you. You furiously retaliate!
You headbutt the salamander.
You block the salamander tyrant's attack.
Unknown command.
Unknown command.
You don't have enough magic at the moment.
Unknown command.
Unknown command.
Unknown command.
Unknown command.
Unknown command.
Unknown command.
Okay, then.
You barely miss the salamander tyrant.
Your headbutt misses the salamander tyrant.
The salamander tyrant is heavily wounded.
The salamander tyrant looks even sicker.
The salamander looks even sicker.
Your toxic aura wanes.
You block the guardian serpent's attack.
You block the salamander tyrant's attack.
The salamander tyrant calls gouts of flame from the lava!
The flame surge hits you!!
* * * LOW HITPOINT WARNING * * *
The guardian serpent is lost in a daze.
The salamander is lost in a daze.
The salamander tyrant calls gouts of flame from the lava!
The flame surge hits you!!
You die...

#≈≈.....'.≈≈≈
#≈§§§≈≈§≈.##......#....
.§§≈≈≈≈≈.≈##.....##...
#§≈≈§§≈≈.§§##....##[##
#.≈≈≈§§..≈≈§#.#.####))
#..N.S.§§§§##...## ###
.≈§NN≈§≈§#.#.#.# #NNN≈#
##...## #N@N# ###...#
##NS# ##....##
#..###....##
##.....#### ##...##
##### #


You could see a nagaraja (fast), 5 salamander tyrants, 2 salamanders, a naga
ritualist (corona) and 2 guardian serpents.

Vanquished Creatures
  Vashnia (Snake:3)
  Nikola (Snake:2)
  Jorgrun (Orc:1)
  Rupert (D:13)
  Gastronok (Lair:1)
  Frances (Swamp:1)
  The ghost of Beaer the Peltast, a journeyman TrFi of Gozag (Swamp:3)
  Aizul (Snake:1)
  2 nagarajas
  3 ghouls (Swamp:3)
  An orc warlord (Orc:2)
  5 eleionomae
  A minotaur (Gauntlet)
  2 bunyips (Swamp:4)
  Snorg (Lair:3)
  2 fire dragons
  2 shambling mangroves
  Fannar (Lair:3)
  3 ice dragons
  4 salamander tyrants
  Erolcha (D:9)
  3 centaur warriors
  7 vault guards
  17 alligators
  15 hydras
  An ogre mage (D:13)
  A ghost crab (Swamp:3)
  5 boulder beetles
  9 anacondas
  3 two-headed ogres
  13 naga warriors
  13 naga sharpshooters
  A dancing weapon (Swamp:3)
  Urug (Lair:3)
  3 orc high priests (Orc:2)
  7 shock serpents
  An occultist (D:15)
  Nergalle (Lair:1)
  3 skysharks
  6 salamander mystics
  2 goliath frogs
  A death drake (Swamp:3)
  4 skeletal warriors (D:13)
  10 swamp dragons
  4 spriggan druids
  12 bog bodies
  5 naga ritualists
  2 lindwurms
  7 mana vipers
  A deep elf archer (D:13)
  4 orc knights
  2 deep elf pyromancers
  5 will-o-the-wisps
  A manticore (D:14)
  Maurice (Orc:2)
  5 orc sorcerers
  13 ugly things
  2 cyclopes
  32 salamanders
  14 elephants
  6 meliai
  37 black mambas
  19 naga magi
  6 spectral spriggans (Swamp:3)
  8 guardian serpents
  4 gargoyles
  10 cane toads
  2 molten gargoyles (Lair:4)
  5 torpor snails (Lair:5)
  A yaktaur (D:13)
  A rime drake (Lair:5)
  An unseen horror (D:10)
  A freezing wraith (Swamp:3)
  9 komodo dragons
  A tengu conjurer (D:13)
  A queen bee (Gauntlet)
  Psyche (D:12)
  3 trolls
  14 blink frogs
  6 tyrant leeches
  A polar bear (Lair:2)
  23 hornets
  A raiju (shapeshifter) (D:9)
  Prince Ribbit (Bailey)
  Sigmund (D:4)
  A shadow (D:9)
  8 slime creatures
  4 wyverns
  12 spriggans
  7 humans (Bailey)
  A wyvern (shapeshifter) (D:14)
  11 yaks
  6 basilisks
  3 fire bats (Lair:4)
  4 wraiths
  5 redbacks (D:8)
  5 steam dragons
  3 wargs
  10 vampire mosquitoes
  Menkaure (D:5)
  52 nagas
  An acid dragon (Lair:5)
  11 swamp worms
  20 water moccasins
  8 swamp drakes
  32 orc warriors
  Pargi (D:4)
  4 laughing skulls
  An ice beast (D:6)
  9 ogres
  10 wolves
  11 centaurs
  A phantom (D:5)
  3 kobold brigands
  4 elf zombies (Ossuary)
  4 gnoll sergeants
  27 bullfrogs
  13 scorpions
  10 wights
  30 killer bees
  3 howler monkeys
  2 bombardier beetles
  6 lava snakes
  4 hounds
  A jelly (D:5)
  21 orc priests
  2 gnoll boudas
  A human zombie (Ossuary)
  A sleepcap (D:4)
  Jessica (D:2)
  Natasha (twice) (D:2)
  7 iguanas
  30 orc wizards
  5 hell rats (Lair:4)
  Terence (D:2)
  A statue (D:14)
  7 hound zombies (Ossuary)
  2 mummies (Ossuary)
  24 gnolls
  15 adders
  A shadow imp (D:7)
  A white imp (D:7)
  6 ufetubi
  6 adder zombies (Ossuary)
  4 dart slugs
  3 ribbon worms
  86 orcs
  2 endoplasms (D:4)
  3 giant cockroaches
  9 goblins
  8 hobgoblins
  4 quokkas
  A ball python (D:4)
  3 bats
  6 frilled lizards
  2 gnoll zombies (Ossuary)
  8 jackal zombies (Ossuary)
  30 kobolds
  5 kobold zombies (Ossuary)
  3 orc zombies (Ossuary)
  3 rats
1099 creatures vanquished.

Vanquished Creatures (collateral kills)
  A spectral spriggan (Swamp:3)
1 creature vanquished.

Vanquished Creatures (others)
  A hydra (Swamp:3)
  3 spriggans (Swamp:3)
  2 black mambas (Snake:2)
  4 bloated husks
  2 hornets (Swamp:3)
  A vampire mosquito (Swamp:1)
  37 foxfires
50 creatures vanquished.

Grand Total: 1150 creatures vanquished

Notes
Turn   | Place    | Note
-------+----------+-------------------------------------------
     0 | D:1      | Amplified the Minotaur Fighter began the quest for the Orb.
     0 | D:1      | Reached XP level 1. HP: 19/19 MP: 0/0
   280 | D:1      | Reached XP level 2. HP: 27/27 MP: 1/1
   456 | D:1      | Found a faded altar of an unknown god.
   617 | D:1      | Prayed at the altar of an unknown god.
   617 | D:1      | Became a worshipper of Zin the Law-Giver
   617 | D:1      | Reached * piety under Zin
   713 | D:2      | Reached skill level 4 in Fighting
  1016 | D:2      | Reached XP level 3. HP: 3/33 MP: 2/2
  1297 | D:2      | Noticed Terence
  1299 | D:2      | Killed Terence
  1300 | D:2      | Reached skill level 1 in Invocations
  1556 | D:2      | Noticed Natasha
  1565 | D:2      | Killed Natasha
  1566 | D:2      | Reached XP level 4. HP: 25/41 MP: 3/3
  1847 | D:2      | Reached ** piety under Zin
  1871 | D:2      | Noticed Jessica
  1875 | D:2      | Killed Jessica
  1971 | D:2      | Noticed Natasha
  1978 | D:2      | Killed Natasha
  1979 | D:2      | Reached XP level 5. HP: 47/47 MP: 5/5
  2229 | D:3      | Noticed a +0 short sword
  2229 | D:3      | Noticed a +0 falchion
  2230 | D:3      | Noticed a +0 dagger
  2230 | D:3      | Noticed a +0 falchion
  2231 | D:3      | Noticed a +0 spear
  2231 | D:3      | Noticed a +0 dagger
  2231 | D:3      | Noticed a +0 spear
  2231 | D:3      | Noticed a +0 short sword
  2245 | D:3      | Found a hide-covered altar of Uskayaw.
  2360 | D:3      | Found Ikemut's Magic Scroll Shop.
  2392 | D:3      | Bought a scroll of enchant armour for 75 gold pieces
  2568 | D:3      | Identified the ring "Ditherat" {rPois rC+ Will+ SInv}
  2582 | D:3      | Found a basalt altar of Yredelemnul.
  2909 | D:3      | Reached *** piety under Zin
  2971 | D:4      | Reached skill level 5 in Fighting
  2971 | D:4      | Reached skill level 5 in Shields
  2971 | D:4      | Reached XP level 6. HP: 54/56 MP: 6/6
  3123 | D:4      | Noticed Sigmund
  3150 | D:4      | Killed Sigmund
  3330 | D:4      | Noticed Pargi
  3340 | D:4      | Killed Pargi
  3341 | D:4      | Reached skill level 5 in Maces & Flails
  3341 | D:4      | Reached XP level 7. HP: 51/62 MP: 8/8
  3773 | D:4      | Reached **** piety under Zin
  3869 | D:4      | Reached skill level 6 in Fighting
  3869 | D:4      | Reached skill level 5 in Armour
  3914 | D:5      | Entered Level 5 of the Dungeon
  4060 | D:5      | Found a staircase to the Ecumenical Temple.
  4085 | D:5      | Found a sand-covered staircase.
  4123 | Ossuary  | Entered an ossuary
  4226 | Ossuary  | Reached XP level 8. HP: 63/71 MP: 8/10
  4308 | Ossuary  | Reached ***** piety under Zin
  4360 | Ossuary  | Reached skill level 7 in Fighting
  4942 | D:5      | Noticed Menkaure
  4948 | D:5      | Killed Menkaure
  4949 | D:5      | Reached skill level 5 in Invocations
  5368 | D:6      | Found a bloodstained altar of Trog.
  5400 | D:6      | Found an ornate altar of the Wu Jian Council.
  5450 | D:6      | Reached skill level 8 in Fighting
  5450 | D:6      | Reached XP level 9. HP: 65/81 MP: 12/12
  6376 | D:6      | Found an iron altar of Okawaru.
  7283 | D:8      | Noticed a two-headed ogre
  7293 | D:8      | Reached ****** piety under Zin
  7690 | D:7      | Killed a two-headed ogre
  7691 | D:7      | Reached skill level 9 in Fighting
  8080 | D:8      | Reached XP level 10. HP: 85/91 MP: 14/14
  8300 | D:8      | Found a runed translucent gate.
  8301 | D:8      | Found a runed translucent door.
  8301 | D:8      | Found a runed translucent gate.
  8305 | D:8      | Found the +9 staff of Olgreb {rPois∞}
  8310 | D:8      | Found a runed translucent door.
  8334 | D:8      | Found a runed translucent gate.
  8724 | D:8      | Reached skill level 10 in Fighting
  8756 | D:8      | Reached skill level 10 in Maces & Flails
  9113 | D:9      | Found a flagged portal.
  9129 | Bailey   | Entered a bailey
  9149 | Bailey   | Reached skill level 1 in Staves
  9168 | Bailey   | Reached skill level 1 in Evocations
  9347 | Bailey   | Reached skill level 11 in Fighting
  9377 | Bailey   | Reached XP level 11. HP: 78/102 MP: 16/16
  9395 | Bailey   | Noticed a vault guard
  9395 | Bailey   | Noticed Prince Ribbit
  9412 | Bailey   | Killed Prince Ribbit
  9670 | Bailey   | Killed a vault guard
  9859 | Bailey   | Noticed a vault guard
  9883 | Bailey   | Killed a vault guard
 10150 | D:9      | Noticed Erolcha
 10165 | D:9      | Paralysed by Erolcha for 4 turns
 10174 | D:9      | Killed Erolcha
 10464 | D:9      | Found Uxeneces's Firing Range.
 10713 | D:9      | Reached skill level 5 in Staves
 10775 | D:9      | Reached skill level 12 in Fighting
 10930 | D:9      | Found a hazy altar of Hepliaklqana.
 11036 | D:10     | Entered Level 10 of the Dungeon
 11115 | D:10     | Found Ytegej's Weapon Shop.
 11222 | D:10     | Bought 4 curare-tipped darts for 81 gold pieces
 11358 | D:10     | Found a staircase to the Orcish Mines.
 11465 | D:10     | Found a white marble altar of Elyvilon.
 11465 | D:10     | Found a shadowy altar of Dithmenos.
 11481 | D:10     | Found a transporter.
 11520 | D:10     | Noticed a two-headed ogre
 11550 | D:10     | Killed a two-headed ogre
 11814 | D:10     | Found a transporter.
 11899 | D:10     | Found a transporter.
 11991 | D:10     | Found a transporter.
 12116 | D:11     | Found a gate leading to a gauntlet.
 12122 | Gauntlet | Entered a Gauntlet
 12122 | Gauntlet | Found a transporter.
 12122 | Gauntlet | Found a transporter.
 12122 | Gauntlet | Found a transporter.
 12124 | Gauntlet | Noticed a necromancer
 12149 | Gauntlet | Found a transporter.
 12152 | Gauntlet | Found a transporter.
 12160 | Gauntlet | Found a transporter.
 12163 | Gauntlet | Found a transporter.
 12165 | Gauntlet | Noticed an obsidian statue
 12180 | Gauntlet | Found a transporter.
 12189 | Gauntlet | Found a transporter.
 12208 | Gauntlet | Found a transporter.
 12209 | Gauntlet | Found a transporter.
 12219 | Gauntlet | Found a transporter.
 12324 | Gauntlet | Identified the +1 hat "Togufoq" {rPois}
 12342 | Gauntlet | Noticed a catoblepas
 12415 | Gauntlet | Noticed a minotaur
 12428 | Gauntlet | Killed a minotaur
 12429 | Gauntlet | Reached skill level 10 in Invocations
 12429 | Gauntlet | Reached skill level 5 in Evocations
 12429 | Gauntlet | Reached XP level 12. HP: 62/113 MP: 15/18
 12634 | D:11     | Found a staircase to the Lair.
 13679 | D:11     | Identified the +10 rapier "Daocov" {freeze, rC+}
 13706 | Orc:1    | Entered Level 1 of the Orcish Mines
 14052 | Orc:1    | Noticed a two-headed ogre
 14059 | Orc:1    | Killed a two-headed ogre
 14060 | Orc:1    | Reached skill level 13 in Fighting
 14259 | Orc:2    | Entered Level 2 of the Orcish Mines
 14412 | Orc:2    | Noticed Maurice
 14427 | Orc:2    | Maurice stole 374 gold
 14428 | Orc:2    | Killed Maurice
 14681 | Orc:2    | Found a staircase to the Elven Halls.
 14823 | Orc:2    | Noticed an orc high priest
 15216 | Orc:2    | Noticed an orc high priest
 15233 | Orc:2    | Killed an orc high priest
 15279 | Orc:2    | Killed an orc high priest
 15333 | Orc:2    | Noticed an orc warlord
 15371 | Orc:2    | Killed an orc warlord
 15838 | Orc:2    | Noticed an orc high priest
 15972 | Orc:2    | Killed an orc high priest
 15973 | Orc:2    | Reached skill level 14 in Fighting
 15973 | Orc:2    | Reached XP level 13. HP: 80/122 MP: 20/20
 16262 | Orc:2    | Found Moirion's General Store.
 16263 | Orc:2    | Found Gailiwin's Book Shop.
 16264 | Orc:2    | Found Boacem's Antique Armour Boutique.
 16264 | Orc:2    | Found Semaem's Antique Weapon Boutique.
 16269 | Orc:2    | Bought a pair of jewelled boots for 247 gold pieces
 16269 | Orc:2    | Identified the +0 pair of boots of Nuujile {*Slow rF+ Will+
                  | SInv Stlth+} (You bought it in a shop on level 2 of the
                  | Orcish Mines)
 16279 | Orc:2    | Bought a potion of heal wounds for 70 gold pieces
 16281 | Orc:2    | Bought a scroll of silence for 133 gold pieces
 16302 | Orc:2    | Bought a wand of paralysis (5) for 168 gold pieces
 16303 | Orc:2    | Bought a Young Poisoner's Handbook for 220 gold pieces
 16973 | Orc:1    | Noticed Jorgrun
 16990 | Orc:1    | Killed Jorgrun
 17527 | D:12     | Noticed Psyche
 17544 | D:12     | Killed Psyche
 17576 | D:12     | Reached skill level 10 in Staves
 17821 | Lair:1   | Entered Level 1 of the Lair of Beasts
 17873 | Lair:1   | Noticed Gastronok
 17894 | Lair:1   | Killed Gastronok
 18428 | Lair:2   | Found a hazy altar of Hepliaklqana.
 18512 | Lair:2   | You fall into a shaft and drop 2 floors!
 18528 | Lair:5   | Entered Level 5 of the Lair of Beasts
 18767 | Lair:4   | Reached skill level 15 in Fighting
 18840 | Lair:4   | You fall into a shaft and drop 1 floor!
 18907 | Lair:4   | Reached skill level 1 in Dodging
 19045 | Lair:4   | Found a staircase to the Slime Pits.
 19955 | Lair:5   | Noticed a fire dragon
 19976 | Lair:5   | Killed a fire dragon
 19977 | Lair:5   | Reached XP level 14. HP: 37/135 MP: 20/22
 20389 | Lair:5   | Got an earthy gem with 1291 turns to spare
 21311 | Lair:3   | Noticed Fannar
 21430 | Lair:3   | Found a staircase to the Snake Pit.
 21491 | Lair:3   | Noticed Snorg
 21508 | Lair:3   | Reached skill level 16 in Fighting
 21509 | Lair:3   | Killed Snorg
 21675 | Lair:3   | Noticed Urug
 21698 | Lair:3   | Killed Urug
 21758 | Lair:3   | Killed Fannar
 22241 | Lair:3   | Learned a level 2 spell: Mercury Vapours
 22532 | Lair:2   | Learned a level 4 spell: Olgreb's Toxic Radiance
 22677 | Lair:2   | Found a staircase to the Swamp.
 22904 | Lair:2   | Found the +8 whip "Snakebite" {venom, curare, rPois}
 23179 | Lair:1   | Reached skill level 10 in Evocations
 23583 | Lair:1   | Reached skill level 5 in Dodging
 23701 | Lair:1   | Noticed Nergalle
 23711 | Lair:1   | Killed Nergalle
 24488 | D:13     | Reached XP level 15. HP: 117/146 MP: 24/24
 24493 | D:13     | Reached skill level 17 in Fighting
 24682 | D:13     | Found a gate to the Vaults.
 24856 | D:13     | Noticed Rupert
 24872 | D:13     | Killed Rupert
 25490 | D:14     | Reached skill level 10 in Shields
 25710 | D:14     | Found a radiant altar of Vehumet.
 25925 | D:14     | Found an ancient bone altar of Kikubaaqudgha.
 26006 | D:15     | Entered Level 15 of the Dungeon
 26721 | D:15     | Found a blossoming altar of Fedhas.
 27021 | D:15     | Found a staircase to the Depths.
 27231 | Swamp:1  | Entered Level 1 of the Swamp
 27238 | Swamp:1  | Noticed Frances
 27323 | Swamp:1  | Killed Frances
 27615 | Swamp:3  | Found a runed translucent door.
 27637 | Swamp:3  | Found a shimmering altar of Xom.
 27637 | Swamp:3  | Noticed Beaer's ghost (journeyman TrFi)
 27773 | Swamp:3  | Killed Beaer's ghost
 27849 | Swamp:4  | Entered Level 4 of the Swamp
 28188 | Swamp:4  | Noticed a thorn hunter
 28615 | Swamp:3  | Reached XP level 16. HP: 145/151 MP: 25/25
 28697 | Swamp:3  | Reached skill level 15 in Shields
 29580 | Swamp:2  | Identified the +2 hand axe of Yllagom {venom, rC+ Will+}
 30527 | Swamp:1  | Noticed Donald
 30686 | Swamp:4  | Noticed a tentacled monstrosity
 30700 | Swamp:3  | Reached skill level 18 in Fighting
 32341 | Swamp:4  | Got a decaying rune of Zot
 32653 | Swamp:2  | Reached skill level 15 in Invocations
 32726 | Swamp:1  | Noticed Mlioglotl
 32992 | Snake:1  | Entered Level 1 of the Snake Pit
 33059 | Snake:1  | Reached XP level 17. HP: 135/166 MP: 24/27
 33119 | Snake:1  | Identified the serpent talisman "Sogreluf" {Will+ Str+3
                  | Int-4 Dex+2}
 33119 | Snake:1  | Noticed Aizul
 33134 | Snake:1  | Killed Aizul
 33175 | Snake:1  | Reached skill level 19 in Fighting
 33565 | Snake:1  | Found an iron altar of Okawaru.
 33697 | Snake:2  | Noticed Nikola
 33721 | Snake:2  | Killed Nikola
 34834 | Snake:3  | Reached skill level 20 in Fighting
 35901 | Snake:3  | Noticed Vashnia
 35967 | Snake:3  | Killed Vashnia
 35968 | Snake:3  | Reached XP level 18. HP: 67/180 MP: 6/29
 36421 | Snake:3  | Got the Quarto of the Supportive Fjord
 36511 | Snake:4  | Entered Level 4 of the Snake Pit
 36781 | Snake:4  | Noticed Roxanne
 37937 | Snake:4  | Donated 1130 gold pieces to Zin
 37941 | Snake:4  | Killed from afar by a salamander tyrant

Illustrated notes

Levels and vault maps discovered:
D:1:      dpeg_arrival_houses_and_road, layout_rooms,
          shapermc_ecumenical_altar_hornbeckon, dk_noncrumbling_3
D:2:      layout_basic, eino_tiny_chamber, kennysheep_jessica_study,
          uniq_terence, uniq_natasha
D:3:      layout_basic, lemuel_coloured_pillars_altar,
          nicolae_uskayaw_en_pointe, serial_shops, nicolae_shop_behind_doors,
          wander_ebering_terrifying_dragon_lair
D:4:      kennysheep_big_flooded_room, layout_basic, uniq_sigmund, uniq_pargi
D:5:      layout_gridville, minmay_temple_entry_ruins, enter_ossuary_1,
          uniq_crazy_yiuf_cottage, uniq_menkaure
D:6:      layout_basic, mainiacjoe_overflow_catch_the_wave,
          okawaru_altar_gauntlet_db, chequers_serial_rivers_micro_a,
          minmay_diced_spiral
D:7:      layout_rooms
D:8:      layout_rooms, minmay_guarded_unrand_staff_of_olgreb
D:9:      cheibrodos_barr_body, layout_basic, lemuel_tele_altar,
          lightli_bailey_entry_fortress, nicolae_shop_firing_range, uniq_erolcha
D:10:     layout_gridville, gammafunk_temple_overflow_elements,
          minmay_orc_entry_guard_dogs, serial_shops,
          nicolae_shop_bloodbath_and_beyond, nicolae_transporter_circle
D:11:     layout_irregular_city, lair_entry_dummy, gauntlet_entry_generic,
          serial_column_ruins, column_ruins_open_tiny, column_ruins_open_tiny,
          column_ruins_columns_straight, column_ruins_grid_1,
          column_ruins_grid_1, column_ruins_grid_3, column_ruins_open_small,
          hangedman_abyss_or_decor_clamps
D:12:     layout_rooms, uniq_psyche
D:13:     layout_long_grid, grunt_vaults_entry_fortified, uniq_rupert
D:14:     layout_rooms, lemuel_round_altar, vehumet_statue
D:15:     grunt_enter_depths_hoard, layout_irregular_city, fedhas_altar_3
Lair:1:   layout_long_grid, infiniplex_staircase_pool, uniq_nergalle,
          uniq_prince_ribbit2, uniq_gastronok
Lair:2:   minmay_guarded_unrand_snakebite, layout_concentric_octagons,
          mainiacjoe_swamp_entry_lozenge_pond, basic_altar, serial_bayou_shore_b
Lair:3:   layout_big_grid, guppyfry_snake_entry_garden, minivault_27, uniq_urug,
          uniq_snorg, uniq_fannar
Lair:4:   cheibrodos_magma_flow, layout_layer_cave, slime_entry_1,
          nicolae_volcano_entry_batcave
Lair:5:   wormcave, layout_hall_layers, guppyfry_lair_end_dragon
Swamp:1:  layout_basic_swamp, ebering_ghost_inner_flame,
          nicolae_swamp_decorative_isthmus, swamp_pool_5,
          nzn_swamp_blast_mining, uniq_frances, uniq_mlioglotl, uniq_donald
Swamp:2:  layout_basic_swamp, nicolae_swamp_some_circles
Swamp:3:  nicolae_swamp_flooded_prison, layout_basic_swamp, ebering_ghost_xom,
          evilmike_swamp_ruin_house_2
Swamp:4:  swamp_alternative, layout_basic_swamp
Snake:1:  layout_concentric_octagons, basic_altar, nicolae_snake_coiling_death,
          uniq_aizul
Snake:2:  layout_onion, ebering_ghost_xom, nrook_guardian_serpent_double,
          uniq_nikola
Snake:3:  layout_basic, nicolae_snake_salamander_fort, uniq_vashnia
Snake:4:  grunt_snake_rune_pools, layout_misc_corridors, uniq_roxanne
Orc:1:    layout_caves, uniq_jorgrun
Orc:2:    st_orc_congregation, layout_diamond_mine, nicolae_orc_quarried_blocks,
          uniq_maurice

Skill      XL: |  1  2  3  4  5  6  7  8  9 10 11 12 13 14 15 16 17 18 |
---------------+-------------------------------------------------------+-----
Shields        | 4 5 6 14 15 | 15.5
Fighting       | 4 5 6 8 9 11 12 14 15 16 17 18 20 | 20.9
Maces & Flails | 3 4 5 7 9 10 | 10.2
Invocations    | 1 2 3 4 5 7 8 10 11 12 13 15 16 17 | 17.0
Armour         | 4 5 6 7 8 |  8.1
Staves         | 2 6 9 10 | 10.9
Evocations     | 2 5 7 8 10 11 13 | 13.9
Dodging        | 2 5 |  5.0

Action                     |  1- 3 |  4- 6 |  7- 9 | 10-12 | 13-15 | 16-18 || total
---------------------------+-------+-------+-------+-------+-------+-------++-------
  Melee: Flail             |    54 |    84 |   426 |   110 |       |       ||   674
         Headbutt          |    10 |    22 |    82 |   161 |   339 |   344 ||   958
         Staff             |       |       |       |   669 |  1194 |  1204 ||  3067
  Throw: Dart              |       |       |       |    12 |    11 |     2 ||    25
         Throwing net      |       |       |       |     3 |     1 |       ||     4
 Invoke: Recite            |       |     1 |     8 |    26 |    37 |    48 ||   120
         Vitalisation      |       |       |     4 |    18 |    35 |    35 ||    92
         Sanctuary         |       |       |       |     1 |       |     4 ||     5
         Donate Gold       |       |       |       |       |       |     1 ||     1
Ability: Evoke the Staff o |       |       |       |     1 |     6 |    52 ||    59
  Evoke: Wand              |       |     7 |     6 |    19 |    12 |     6 ||    50
         Sack of spiders   |       |       |       |       |       |     1 ||     1
         Phantom mirror    |       |       |       |       |       |     1 ||     1
    Use: Potion            |     2 |     3 |     6 |    12 |    13 |    18 ||    54
         Scroll            |       |     4 |    10 |    17 |    12 |    13 ||    56
   Stab: Confused          |       |       |     1 |     4 |    12 |    20 ||    37
         Paralysed         |       |       |       |    20 |    37 |     4 ||    61
         Invisible         |       |       |       |     3 |       |     1 ||     4
         Held in net/web   |       |       |       |     1 |       |       ||     1
 Armour: Scale mail        |    36 |    84 |   423 |   537 |   632 |   184 ||  1896
         Swamp dragon scal |       |       |       |       |       |   448 ||   448
  Dodge: Dodged            |    17 |    35 |   241 |   270 |   552 |   565 ||  1680
  Block: Buckler           |    15 |    18 |   123 |   217 |   177 |       ||   550
         Kite shield       |       |       |       |       |   243 |   904 ||  1147
